 Dungeon Crawl Stone Soup version 0.27.1-33-g824d729ab1 (webtiles) character file.

Game seed: 15477458921538784252

3892 safid the Cleaver (level 10, -1/115 HPs)
             Began as a Hill Orc Fighter on Dec 14, 2021.
             Was a Believer of Beogh.
             Succumbed to a killer bee's poison
             ... on level 8 of the Dungeon.
             The game lasted 00:19:46 (10703 turns).

safid the Cleaver (Hill Orc Fighter)               Turns: 10703, Time: 00:19:47

Health: -1/115     AC: 25    Str: 23    XL:     10   Next: 19%
Magic:  10/10      EV:  2    Int:  8    God:    Beogh [**....]
Gold:   484        SH: 17    Dex: 10    Spells: 9/9 levels left

rFire    . . .     SeeInvis .   a - +0 war axe
rCold    + . .     Faith    .   c - +0 kite shield
rNeg     + + +     Spirit   .   (armour currently unavailable)
rPois    +         Reflect  +   (helmet currently unavailable)
rElec    .         Harm     .   (cloak currently unavailable)
rCorr    .         Rampage  .   (gloves currently unavailable)
Will     .....     NoTele   +   (boots currently unavailable)
Stlth    +.........             i - amulet of reflection
HPRegen  0.29/turn              F - ring of protection from cold
MPRegen  0.12/turn              (no ring)

@: lethally poisoned (-1 -> -8), tree-form, attractive
A: stationary, stasis, torment immunity, boosted hp, (electricity resistance)
a: Renounce Religion, Smiting


You were on level 8 of the Dungeon.
You worshipped Beogh.
Beogh was pleased with you.
You were a tree.
You visited 2 branches of the dungeon, and saw 9 of its levels.

You collected 484 gold pieces.

Inventory:

Hand Weapons
 a - a +0 war axe (weapon)
Missiles
 q - 5 boomerangs
 r - 16 poisoned darts (quivered)
 t - 5 atropa-tipped darts
 B - a curare-tipped dart
 G - 4 javelins
Armour
 b - a +0 scale mail (melded)
 c - a +0 kite shield (worn)
 f - a +1 helmet (melded)
 h - a +0 cloak (melded)
 s - a +0 pair of gloves (melded)
Jewellery
 i - an amulet of reflection (around neck)
 C - an amulet of the acrobat
 F - a ring of protection from cold (left branch)
Wands
 y - a wand of iceblast (15)
 z - a wand of digging (1)
Scrolls
 e - 5 scrolls of fear
 g - 3 scrolls of silence
 k - 5 scrolls of teleportation
 l - a scroll of blinking {unknown}
 m - 2 scrolls of enchant weapon
 o - 3 scrolls of magic mapping
 u - a scroll of enchant armour {unknown}
 A - a scroll of holy word {unknown}
Potions
 d - 3 potions of might
 j - 3 potions of berserk rage
 p - a potion of curing {unknown}
 v - a potion of attraction
 w - a potion of magic
 E - a potion of cancellation {unknown}


   Skills:
 - Level 3.6 Fighting
 + Level 13.0 Axes
 - Level 3.2 Armour
 + Level 11.4 Shields


You had 9 spell levels left.
You didn't know any spells.
Your spell library contained the following spells:

 Spells                   Type           Power      Damage    Failure   Level
 Corona                   Hex            0%         N/A       56%         1
 Magic Dart               Conj           0%         1d3       56%         1
 Call Imp                 Summ           0%         N/A       71%         2
 Ensorcelled Hibernation  Hex/Ice        0%         N/A       71%         2
 Slow                     Hex            0%         N/A       71%         2
 Sublimation of Blood     Necr           0%         N/A       71%         2
 Confusing Touch          Hex            0%         N/A       90%         3
 Dazzling Flash           Conj/Hex       0%         N/A       90%         3
 Gell's Gravitas          Tloc           0%         N/A       90%         3
 Lesser Beckoning         Tloc           0%         N/A       90%         3
 Mephitic Cloud           Conj/Pois/Air  0%         N/A       90%         3
 Teleport Other           Tloc           0%         N/A       90%         3
 Tukima's Dance           Hex            0%         N/A       90%         3
 Vampiric Draining        Necr           0%         2d6       90%         3
 Iskenderun's Mystic Bla  Conj/Tloc      0%         2d3       100%        4
 Leda's Liquefaction      Hex/Erth       0%         N/A       100%        4
 Petrify                  Tmut/Erth      0%         N/A       100%        4
 Bolt of Magma            Conj/Fire/Erth 0%         4d4       100%        5
 Irradiate                Conj/Tmut      0%         3d13      100%        5
 Dispersal                Tloc           0%         N/A       100%        6
 Starburst                Conj/Fire      0%         6d3       100%        6
 Statue Form              Tmut/Erth      0%         N/A       100%        6


Dungeon Overview and Level Annotations

Branches:
Dungeon (8/15)             Temple (1/1) D:6
   Lair: D:8-11

Altars:
Ashenzari
Dithmenos
Elyvilon
Fedhas
Gozag
Hepliaklqana
Kikubaaqudgha
Makhleb
Nemelex Xobeh
Okawaru
Qazlal
Ru
Sif Muna
Trog
Uskayaw
Vehumet
Wu Jian
Xom
Yredelemnul
Zin
The Shining One

Annotations:
D:8 Maurice


Innate Abilities, Weirdness & Mutations

You are a tree.
Your roots penetrate the ground, keeping you stationary.
You cannot be teleported.
You are immune to unholy pain and torment.
Your maximum health is greatly increased.
Your equipment is partially melded.
((You are resistant to electric shocks. (rElec)))


Message History

The killer bee is heavily wounded.
You barely miss the killer bee.
You feel very sick. You block the killer bee's attack.
The killer bee stings you but does no damage.
The killer bee misses you.
You hit the killer bee.
The killer bee is severely wounded.
You closely miss the killer bee.
You feel sick. You block the killer bee's attack.
The killer bee stings you but does no damage.
You block the killer bee's attack.
Unknown command.
You hit the killer bee but do no damage.
The killer bee is severely wounded.
You slash the killer bee!
You feel sick. You block the killer bee's attack.
The killer bee closely misses you. You block the killer bee's attack.
The killer bee stings you but does no damage.
Unknown command.
You miss the killer bee.
The killer bee is almost dead.
You closely miss the killer bee.
You feel sick. You block the killer bee's attack. The killer bee stings you!
* * * LOW HITPOINT WARNING * * *
You are more poisoned.
The killer bee poisons you! You block the killer bee's attack.
The killer bee stings you but does no damage.
It was a potion of lignification.
You turn into a tree.
Your +0 cloak melds into your body.
Your +1 helmet melds into your body.
Your +0 pair of gloves melds into your body.
Your +0 scale mail melds into your body.
Your roots penetrate the ground.
* * * LOW HITPOINT WARNING * * *
You feel very sick.
The killer bee stings you but does no damage.
You block the killer bee's attack.
The killer bee stings you but does no damage. x2
It was a potion of mutation.
You feel extremely strange.
You feel insulated.
You die...

######### # ####
........# .###..##
........# ..#.....#
.....(.y#...#...(.#
.......♣y...#.....#
.......†#...#.....#
........########'#######
........))...........#..
..........)..........#..
####+###............)#..
#.............'..
#.....).......#..
#.......).....#..


You could see 2 killer bees.

Vanquished Creatures
  A wyvern (D:7)
  A steam dragon (D:7)
  An acid dragon (D:8)
  2 water moccasins
  2 orc warriors
  A sky beast (D:7)
  2 black bears (D:6)
  2 necrophages
  4 ogres
  3 centaurs
  2 phantoms (D:6)
  A kobold brigand (D:7)
  5 bullfrogs
  4 scorpions
  A water moccasin zombie (D:5)
  2 killer bees (D:8)
  2 wyvern skeletons
  11 wights
  3 howler monkeys
  A centaur zombie (D:8)
  3 hounds
  A jelly (D:6)
  A gnoll shaman (D:7)
  An iguana (D:5)
  2 orc wizards (D:7)
  9 adders
  4 gnolls (D:7)
  2 white imps
  An ufetubus (D:5)
  An adder skeleton (D:4)
  3 worms
  3 dart slugs
  10 orcs
  9 ball pythons
  15 endoplasms
  6 giant cockroaches
  8 hobgoblins
  7 jackals (D:3)
  3 quokkas
  2 bats (D:1)
  3 frilled lizards
  8 goblins
  11 kobolds
  8 rats
172 creatures vanquished.

Vanquished Creatures (others)
  An orc (D:3)
1 creature vanquished.

Grand Total: 173 creatures vanquished

Notes
Turn   | Place    | Note
-------+----------+-------------------------------------------
     0 | D:1      | safid the Hill Orc Fighter began the quest for the Orb.
     0 | D:1      | Reached XP level 1. HP: 19/19 MP: 1/1
   166 | D:1      | Found a faded altar of an unknown god.
   174 | D:1      | Reached skill level 3 in Axes
   260 | D:1      | Reached XP level 2. HP: 26/26 MP: 2/2
   761 | D:1      | Reached XP level 3. HP: 31/31 MP: 3/3
  1335 | D:2      | Reached skill level 4 in Axes
  1529 | D:2      | Reached XP level 4. HP: 22/39 MP: 4/4
  2064 | D:2      | You fall into a shaft and drop 1 floor!
  2143 | D:3      | Found an ancient bone altar of Kikubaaqudgha.
  2569 | D:3      | Found a bloodstained altar of Trog.
  2573 | D:3      | Found a blossoming altar of Fedhas.
  2577 | D:3      | Found a burning altar of Makhleb.
  2733 | D:3      | Reached skill level 5 in Axes
  2845 | D:3      | Became a worshipper of Beogh the Brigand
  2881 | D:3      | Found a shadowy altar of Dithmenos.
  3020 | D:3      | Found a stormy altar of Qazlal.
  3185 | D:4      | Reached XP level 5. HP: 45/45 MP: 5/5
  3374 | D:4      | Reached skill level 5 in Shields
  3706 | D:4      | Noticed an ogre
  3713 | D:4      | Killed an ogre
  3714 | D:4      | Reached skill level 6 in Axes
  3714 | D:4      | Reached XP level 6. HP: 51/51 MP: 6/6
  4577 | D:4      | Reached skill level 7 in Axes
  4577 | D:4      | Reached XP level 7. HP: 56/57 MP: 7/7
  4940 | D:5      | Entered Level 5 of the Dungeon
  5394 | D:5      | Reached * piety under Beogh
  5395 | D:5      | Reached skill level 8 in Axes
  5579 | D:5      | Found an ornate altar of the Wu Jian Council.
  5685 | D:5      | Reached XP level 8. HP: 27/64 MP: 8/8
  6236 | D:6      | Reached skill level 9 in Axes
  6415 | D:6      | Found a glowing silver altar of Zin.
  6531 | D:6      | Found a broken altar of Ashenzari.
  6578 | D:6      | Found a glowing golden altar of the Shining One.
  6861 | D:6      | Reached skill level 10 in Axes
  6891 | D:6      | Found a staircase to the Ecumenical Temple.
  6920 | D:6      | Reached XP level 9. HP: 23/70 MP: 9/9
  7469 | D:6      | Found an opulent altar of Gozag.
  7858 | Temple   | Entered the Ecumenical Temple
  8154 | D:7      | Reached skill level 11 in Axes
  8449 | D:7      | Reached skill level 10 in Shields
  9068 | D:7      | Reached skill level 12 in Axes
  9715 | D:8      | Noticed Maurice
  9893 | D:7      | Reached XP level 10. HP: 12/77 MP: 10/10
 10334 | D:8      | Found a hazy altar of Hepliaklqana.
 10509 | D:8      | Reached ** piety under Beogh
 10522 | D:8      | Reached skill level 13 in Axes
 10701 | D:8      | HP: 2/77 [killer bee (7)]
 10703 | D:8      | Gained mutation: You are resistant to electric shocks.
                  | (rElec) [potion of mutation]
 10703 | D:8      | Succumbed to a killer bee's poison

Illustrated notes

Levels and vault maps discovered:
D:1:      psy_arrival_fountain, layout_basic, ebering_ecumenical_altar_box
D:2:      layout_loops_corners, minmay_increasing_density
D:3:      layout_basic, mainiacjoe_overflow_paths,
          nicolae_qazlal_eye_of_the_storm, mainiacjoe_overflow_small_starburst,
          grunt_temple_overflow_diamond
D:4:      cheibrodos_barr_body, layout_layer_cave
D:5:      layout_gridville, nicolae_overflow_hidden_temple
D:6:      layout_layer_cave, pdpol_temple_overflow_zin_treasury_gozag_greed,
          kennysheep_little_box, old_standard_altar,
          minmay_temple_entry_glassed_door, solitary_fountain,
          minmay_fractal_squares_5
D:7:      layout_loops_cross, chequers_serial_rivers_small_b
D:8:      layout_gridville, old_standard_altar, uniq_maurice
Temple:   compressed_dpeg_triangle_lava_temple

Skill      XL: |  1  2  3  4  5  6  7  8  9 10 |
---------------+-------------------------------+-----
Axes           | 3 4 5 6 7 8 10 12 13 | 13.0
Shields        | 4 5 6 7 9 11 | 11.4
Fighting       | |  3.6
Armour         | |  3.2

Action                   |  1- 3 |  4- 6 |  7- 9 | 10-12 || total
-------------------------+-------+-------+-------+-------++-------
Melee: War axe           |   116 |   193 |   377 |    70 ||   756
Throw: Boomerang         |       |       |    34 |       ||    34
Invok: Convert to Beogh  |       |     1 |       |       ||     1
  Use: Scroll            |       |     6 |     3 |       ||     9
       Potion            |       |       |     1 |     5 ||     6
Armor: Scale mail        |    43 |    66 |   116 |    27 ||   252
       Skin              |       |       |       |     3 ||     3
Dodge: Dodged            |    32 |    41 |    84 |    31 ||   188
Block: Kite shield       |    75 |   167 |   327 |    88 ||   657
       Reflection        |     1 |     2 |    11 |     1 ||    15
